 Dungeon Crawl Stone Soup version 0.30-a0-578-gdee14c521f (webtiles) character file.

Game seed: 9967659586536505255

17219 Crownlay the Carver (level 12, -1/94 HPs)
             Began as a Gnoll Wanderer on Dec 30, 2022.
             Was a Priest of Okawaru.
             Slain by a two-headed ogre
             ... wielding a +0 giant club
              (9 damage)
             ... on level 10 of the Dungeon on Dec 31, 2022.
             The game lasted 00:27:54 (13358 turns).

Crownlay the Carver (Gnoll Wanderer)               Turns: 13358, Time: 00:27:55

Health: -1/94      AC: 16    Str: 24    XL:     12   Next: 45%
Magic:  24/24      EV: 16    Int: 13    God:    Okawaru [***...]
Gold:   731        SH:  0    Dex: 14    Spells: 25/27 levels left

rFire   + . .      SeeInvis .    k - +5 falchion of the Jester {venom, Contam rN+++ Str+2 Dex+3}
rCold   . . .      Faith    .    (no shield)
rNeg    + + +      Spirit   .    x - +1 scale mail "Ilawniqe" {+Inv rF+}
rPois   .          Reflect  .    (no helmet)
rElec   .          Harm     .    n - +0 cloak
rCorr   .          Rampage  .    S - +1 pair of gloves
Will    .....                    B - +0 pair of boots
Stlth   ++++                     v - amulet of magic regeneration
HPRegen 0.35/turn                m - +6 ring of strength
MPRegen 0.59/turn                s - +4 ring of slaying

@: heroic
A: fangs 1, strong nose, distributed training
a: Renounce Religion, Evoke Invisibility, Heroism


You were on level 10 of the Dungeon.
You worshipped Okawaru.
Okawaru was most pleased with you.
You visited 2 branches of the dungeon, and saw 12 of its levels.
You also visited: Bailey.

You collected 731 gold pieces.

Inventory:

Hand Weapons
 k - the +5 falchion of the Jester (weapon) {venom, Contam rN+++ Str+2 Dex+3}
   (You found it on level 2 of the Dungeon)

   It poisons the flesh of those it strikes.
   Str:       It affects your strength (+2).
   Dex:       It affects your dexterity (+3).
   rN:        It renders you almost immune to negative energy.
   Contam:    It causes magical contamination when unequipped.
 J - a +2 heavy broad axe
 N - a +4 halberd
Missiles
 l - a curare-tipped dart
 G - a throwing net (quivered)
Armour
 n - a +0 cloak (worn)
 x - the +1 scale mail "Ilawniqe" (worn) {+Inv rF+}
   (You found it on level 6 of the Dungeon)

   rF:        It protects you from fire.
   +Inv:      It lets you turn invisible.
 B - a +0 pair of boots (worn)
 O - +0 steam dragon scales
 S - a +1 pair of gloves (worn)
Jewellery
 m - a +6 ring of strength (left hand)
 s - a +4 ring of slaying (right hand)
 u - an amulet of guardian spirit
 v - an amulet of magic regeneration (around neck)
 E - a ring of protection from fire
 T - a ring of ice
Wands
 b - a wand of flame (14)
 y - a wand of digging (4)
 A - a wand of quicksilver (4)
 R - a wand of iceblast (3)
Scrolls
 h - 2 scrolls of fog
 i - 4 scrolls of poison
 j - a scroll of magic mapping
 o - 2 scrolls of immolation {unknown}
 p - 2 scrolls of amnesia {unknown}
 w - 3 scrolls of vulnerability
 z - 5 scrolls of teleportation
 I - a scroll of summoning {unknown}
 L - a scroll of acquirement {unknown}
 M - a scroll of fear {unknown}
 P - 4 scrolls of blinking {unknown}
 Q - a scroll of silence {unknown}
Potions
 a - a potion of heal wounds
 c - 3 potions of brilliance {unknown}
 d - 2 potions of lignification {unknown}
 e - 2 potions of haste {unknown}
 f - 6 potions of curing
 g - 3 potions of might
 q - 3 potions of attraction {unknown}
 r - 2 potions of ambrosia {unknown}
 t - 2 potions of cancellation {unknown}
 C - a potion of magic {unknown}
 D - a potion of degeneration {unknown}
 F - 3 potions of flight {unknown}
 H - 3 potions of mutation
 K - a potion of invisibility


   Skills:
 + Level 8.9(13.9) Fighting
 + Level 7.6(12.6) Short Blades
 + Level 10.1(15.1) Long Blades
 + Level 7.6(12.6) Axes
 + Level 7.6(12.6) Maces & Flails
 + Level 7.6(12.6) Polearms
 + Level 7.6(12.6) Staves
 + Level 7.6(12.6) Ranged Weapons
 + Level 7.6(12.6) Throwing
 + Level 8.0(13.0) Armour
 + Level 7.6(12.6) Dodging
 + Level 8.0(13.0) Stealth
 + Level 7.6(12.6) Shields
 + Level 7.6(12.6) Unarmed Combat
 + Level 8.1 Spellcasting
 + Level 6.3 Conjurations
 + Level 6.3 Hexes
 + Level 6.3 Summonings
 + Level 6.3 Necromancy
 + Level 6.3 Translocations
 + Level 6.3 Transmutations
 + Level 6.3 Fire Magic
 + Level 6.3 Ice Magic
 + Level 6.3 Air Magic
 + Level 6.3 Earth Magic
 + Level 6.3 Poison Magic
 + Level 8.3 Invocations
 + Level 8.9 Evocations


You had 25 spell levels left.
You knew the following spells:

 Your Spells              Type           Power      Damage    Failure   Level
a - Wereblood             Tmut           21%        N/A       3%          2

Your spell library contained the following spells:

 Spells                   Type           Power      Damage    Failure   Level
 Beastly Appendage        Tmut           42%        N/A       1%          1
 Freeze                   Ice            84%        1d9       1%          1
 Kiss of Death            Conj/Necr      84%        2d11      1%          1
 Slow                     Hex            84%        N/A       1%          1
 Confusing Touch          Hex            21%        N/A       6%          3
 Frozen Ramparts          Ice            42%        1d7       6%          3
 Hailstorm                Conj/Ice       21%        3d6       6%          3
 Spider Form              Tmut/Pois      21%        N/A       6%          3
 Vampiric Draining        Necr           21%        2d7       6%          3
 Vhi's Electric Charge    Tloc/Air       42%        N/A       6%          3
 Cause Fear               Hex            10%        N/A       19%         4
 Dispel Undead            Necr           21%        3d11      19%         4
 Arcjolt                  Conj/Air       10%        1d20      47%         5
 Dragon Form              Tmut           10%        N/A       100%        7
 Orb of Destruction       Conj           10%        9d6       100%        7
 Maxwell's Capacitive Co  Air            10%        ∞         100%        8
 Summon Guardian Golem    Hex/Summ       Unusable   N/A       N/A         3
 Spellforged Servitor     Conj/Summ      Unusable   N/A       N/A         7
 Dragon's Call            Summ           Unusable   N/A       N/A         9

Dungeon Overview and Level Annotations

Branches:
Dungeon (11/15)            Temple (1/1) D:5            Lair (0/5) D:9
 Bailey (visited)
    Orc: D:9-12

Altars:
Dithmenos
Elyvilon
Gozag
Makhleb
Nemelex Xobeh
Okawaru
Qazlal
Trog
Vehumet
Wu Jian
The Shining One

Shops:
D:3 [   D:6 [   D:10 (   D:11 :


Innate Abilities, Weirdness & Mutations

You have very sharp teeth.
Your uncanny sense of smell can sniff out nearby items.
Your experience applies equally to all skills.


Message History

You gain the combat prowess of a mighty hero.
You can no longer speed up your combat.
You climb downwards.
The two-headed ogre hits you with a +0 giant club!
The two-headed ogre completely misses you.
The two-headed ogre hits you with a +0 giant club!!
The two-headed ogre misses you.
The two-headed ogre hits you with a +0 giant spiked club!
The two-headed ogre hits you with a +0 giant club!!
* * * LOW HITPOINT WARNING * * *
There is a stone staircase leading up, spattered with blood here.
The two-headed ogre misses you.
The two-headed ogre closely misses you. x2
The two-headed ogre misses you.
You climb upwards.
There is a stone staircase leading down here.
Okay, then.
You feel much better.
The two-headed ogre completely misses you.
The two-headed ogre hits you with a +0 giant club!!
The two-headed ogre hits you but does no damage.
The two-headed ogre closely misses you.
The two-headed ogre completely misses you.
The two-headed ogre hits you with a +0 giant spiked club!!
* * * LOW HITPOINT WARNING * * *
The two-headed ogre attacks as you move away!
The two-headed ogre barely misses you. The two-headed ogre misses you.
The two-headed ogre attacks as you move away!
The two-headed ogre hits you but does no damage.
The two-headed ogre completely misses you.
Things that are here:
a +0 chain mail; a +0 trident You see here a +0 flail.
You see here a +0 shortbow.
The two-headed ogre attacks as you move away!
The two-headed ogre barely misses you. The two-headed ogre misses you.
The two-headed ogre attacks as you move away!
The two-headed ogre hits you with a +0 giant club.
* * * LOW HITPOINT WARNING * * *
The two-headed ogre hits you with a +0 giant spiked club!
You die...

#.#.#....#(..................
#...##...####..........8...8.
#....####)./##...............
#.##....#....#.##############
#.###...#....#.#
#.###...##.....#
#........###.################
#............................
#.########..@################
#.# #.O## #.# #O.# #.# #.O#
#.########).# #.......[)<.#
#...........# #.......)...#
#....>)[....#


You could see 3 two-headed ogres.

Vanquished Creatures
  An ogre mage (D:10)
  2 centaur warriors (D:10)
  5 two-headed ogres
  The ghost of caveywoolpert the Geomancer, a novice DgEE (D:9)
  Joseph (D:7)
  2 gargoyles
  A komodo dragon (D:9)
  Maggie (D:8)
  4 trolls
  Prince Ribbit (D:5)
  A shadow (D:11)
  5 spriggans (Bailey)
  A wyvern (D:9)
  15 yaks
  A basilisk (D:9)
  4 steam dragons
  4 vampire mosquitoes (D:11)
  Menkaure (D:6)
  3 acid dragons
  2 water moccasins
  9 orc warriors
  A sky beast (D:7)
  An ice beast (D:7)
  6 ogres (Bailey)
  A black bear (D:7)
  4 phantoms
  3 centaurs
  3 bullfrogs
  3 kobold brigands
  A necrophage (D:5)
  A scorpion (D:6)
  2 gnoll sergeants
  9 wights
  A killer bee (D:10)
  A howler monkey (D:5)
  2 hounds
  A jelly (D:8)
  5 orc priests
  A gnoll bouda (D:6)
  Crazy Yiuf (D:2)
  Natasha (thrice) (D:2)
  8 orc wizards
  4 iguanas
  19 gnolls
  7 adders
  4 white imps
  An ufetubus (D:4)
  2 dart slugs (D:1)
  42 orcs
  10 ball pythons
  11 endoplasms
  A giant cockroach (D:1)
  12 goblins
  5 hobgoblins
  10 jackals
  11 kobolds
  7 quokkas
  5 bats
  7 rats
281 creatures vanquished.

Vanquished Creatures (others)
  4 plants
  2 withered plants (D:9)
6 creatures vanquished.

Grand Total: 287 creatures vanquished

Notes
Turn   | Place    | Note
-------+----------+-------------------------------------------
     0 | D:1      | Crownlay the Gnoll Wanderer began the quest for the Orb.
     0 | D:1      | Crownlay set off with the following items: a +1 long sword,
                  | a wand of flame (5), a potion of heal wounds, a +0 leather
                  | armour.
     0 | D:1      | Reached XP level 1. HP: 20/20 MP: 4/4
    43 | D:1      | Reached XP level 2. HP: 25/26 MP: 5/5
   262 | D:1      | Reached XP level 3. HP: 26/31 MP: 7/7
   412 | D:1      | Reached skill level 1 in Invocations
   661 | D:1      | Reached skill level 1 in Short Blades
   661 | D:1      | Reached skill level 1 in Axes
   661 | D:1      | Reached skill level 1 in Maces & Flails
   661 | D:1      | Reached skill level 1 in Polearms
   661 | D:1      | Reached skill level 1 in Staves
   661 | D:1      | Reached skill level 1 in Ranged Weapons
   661 | D:1      | Reached skill level 1 in Throwing
   661 | D:1      | Reached skill level 1 in Dodging
   661 | D:1      | Reached skill level 1 in Shields
   661 | D:1      | Reached skill level 1 in Unarmed Combat
   998 | D:2      | Identified the +5 falchion of the Jester {venom, Contam
                  | rN+++ Str+2 Dex+3}
  1130 | D:2      | Found a bloodstained altar of Trog.
  1308 | D:2      | Reached XP level 4. HP: 38/38 MP: 8/8
  1314 | D:2      | Reached skill level 1 in Conjurations
  1314 | D:2      | Reached skill level 1 in Hexes
  1314 | D:2      | Reached skill level 1 in Summonings
  1314 | D:2      | Reached skill level 1 in Necromancy
  1314 | D:2      | Reached skill level 1 in Translocations
  1314 | D:2      | Reached skill level 1 in Transmutations
  1314 | D:2      | Reached skill level 1 in Fire Magic
  1314 | D:2      | Reached skill level 1 in Ice Magic
  1314 | D:2      | Reached skill level 1 in Air Magic
  1314 | D:2      | Reached skill level 1 in Earth Magic
  1314 | D:2      | Reached skill level 1 in Poison Magic
  1436 | D:2      | Found a runed translucent door.
  1437 | D:2      | Noticed Crazy Yiuf
  1445 | D:2      | Killed Crazy Yiuf
  1446 | D:2      | Reached XP level 5. HP: 43/43 MP: 9/9
  1582 | D:2      | Noticed Natasha
  1587 | D:2      | Killed Natasha
  1729 | D:2      | Noticed Natasha
  1738 | D:2      | Killed Natasha
  1886 | D:2      | Noticed Natasha
  1910 | D:2      | Killed Natasha
  1983 | D:3      | Found a radiant altar of Vehumet.
  2272 | D:3      | Reached XP level 6. HP: 50/50 MP: 11/11
  2286 | D:3      | Found Xienienu's Armour Emporium.
  2449 | D:3      | Found a white marble altar of Elyvilon.
  2662 | D:4      | Noticed an orc warrior
  2767 | D:4      | Reached skill level 5 in Fighting
  2767 | D:4      | Reached skill level 5 in Evocations
  2849 | D:4      | Killed an orc warrior
  3327 | D:4      | You fall into a shaft and drop 2 floors!
  3464 | D:6      | Identified the +1 scale mail "Ilawniqe" {+Inv rF+}
  3566 | D:6      | Reached skill level 7 in Long Blades
  3566 | D:6      | Reached XP level 7. HP: 53/56 MP: 12/12
  3604 | D:5      | Entered Level 5 of the Dungeon
  3917 | D:4      | Found a shadowy altar of Dithmenos.
  4276 | D:5      | Reached XP level 8. HP: 63/63 MP: 14/14
  4330 | D:5      | Found a staircase to the Ecumenical Temple.
  4337 | Temple   | Entered the Ecumenical Temple
  4345 | Temple   | Became a worshipper of Warmaster Okawaru
  4650 | D:5      | Noticed Prince Ribbit
  4660 | D:5      | Killed Prince Ribbit
  4660 | D:5      | Reached * piety under Okawaru
  4811 | D:5      | Learned a level 2 spell: Wereblood
  5581 | D:6      | Found Losugg Deesu's Armour Boutique.
  5638 | D:6      | Noticed Menkaure
  5645 | D:6      | Killed Menkaure
  5646 | D:6      | Reached XP level 9. HP: 47/69 MP: 16/16
  5649 | D:6      | Reached ** piety under Okawaru
  5650 | D:6      | Reached skill level 5 in Spellcasting
  6168 | D:7      | Reached skill level 5 in Armour
  6322 | D:7      | Reached skill level 5 in Stealth
  6594 | D:7      | Reached skill level 8 in Long Blades
  6613 | D:7      | Found an opulent altar of Gozag.
  6843 | D:7      | Found a burning altar of Makhleb.
  6872 | D:7      | Noticed Joseph
  6884 | D:7      | Killed Joseph
  6884 | D:7      | Reached *** piety under Okawaru
  6885 | D:7      | Reached skill level 5 in Invocations
  7112 | D:8      | Found a flagged portal.
  7134 | Bailey   | Entered a bailey
  7326 | Bailey   | Reached skill level 5 in Short Blades
  7326 | Bailey   | Reached skill level 5 in Axes
  7326 | Bailey   | Reached skill level 5 in Maces & Flails
  7326 | Bailey   | Reached skill level 5 in Polearms
  7326 | Bailey   | Reached skill level 5 in Staves
  7326 | Bailey   | Reached skill level 5 in Ranged Weapons
  7326 | Bailey   | Reached skill level 5 in Throwing
  7326 | Bailey   | Reached skill level 5 in Dodging
  7326 | Bailey   | Reached skill level 5 in Shields
  7326 | Bailey   | Reached skill level 5 in Unarmed Combat
  7326 | Bailey   | Reached XP level 10. HP: 62/77 MP: 18/18
  7736 | Bailey   | Noticed a two-headed ogre
  7742 | Bailey   | Killed a two-headed ogre
  7971 | D:8      | Found an ornate altar of the Wu Jian Council.
  8016 | D:8      | Noticed Maggie
  8025 | D:8      | Killed Maggie
  8025 | D:8      | Reached **** piety under Okawaru
  8068 | D:8      | Found a stormy altar of Qazlal.
  8183 | D:8      | Noticed a two-headed ogre
  8189 | D:8      | Killed a two-headed ogre
  8189 | D:8      | Received a gift from Okawaru
  8847 | D:8      | Reached skill level 9 in Long Blades
  8911 | D:8      | Found a sparkling altar of Nemelex Xobeh.
  8975 | D:9      | Reached skill level 5 in Conjurations
  8975 | D:9      | Reached skill level 5 in Hexes
  8975 | D:9      | Reached skill level 5 in Summonings
  8975 | D:9      | Reached skill level 5 in Necromancy
  8975 | D:9      | Reached skill level 5 in Translocations
  8975 | D:9      | Reached skill level 5 in Transmutations
  8975 | D:9      | Reached skill level 5 in Fire Magic
  8975 | D:9      | Reached skill level 5 in Ice Magic
  8975 | D:9      | Reached skill level 5 in Air Magic
  8975 | D:9      | Reached skill level 5 in Earth Magic
  8975 | D:9      | Reached skill level 5 in Poison Magic
  8975 | D:9      | Reached XP level 11. HP: 85/85 MP: 19/21
  9373 | D:9      | Noticed a two-headed ogre
  9385 | D:9      | Killed a two-headed ogre
  9385 | D:9      | Received a gift from Okawaru
  9508 | D:9      | Noticed caveywoolpert's ghost (novice DgEE)
  9537 | D:9      | Found a runed translucent door.
 10046 | D:9      | Found a staircase to the Lair.
 10392 | D:9      | Killed caveywoolpert's ghost
 10392 | D:9      | Received a gift from Okawaru
 10396 | D:9      | Identified the +1 robe of the Crushed Realms {rC+ Str+2}
 10455 | D:10     | Entered Level 10 of the Dungeon
 10458 | D:10     | Noticed a centaur warrior
 11027 | D:10     | Killed a centaur warrior
 11096 | D:10     | Noticed a centaur warrior
 11326 | D:10     | Killed a centaur warrior
 11729 | D:10     | Noticed a two-headed ogre
 11744 | D:10     | Killed a two-headed ogre
 11745 | D:10     | Reached XP level 12. HP: 20/94 MP: 23/23
 12020 | D:10     | Found Uptumuomm's Weapon Shoppe.
 12529 | D:10     | Upgraded the game from 0.30-a0-576-g89cddaab80 to
                  | 0.30-a0-578-gdee14c521f
 12723 | D:11     | Found Eholoh's Book Boutique.
 13040 | D:11     | Noticed a two-headed ogre
 13042 | D:11     | Noticed an ogre mage
 13047 | D:11     | Noticed a two-headed ogre
 13047 | D:11     | Noticed a two-headed ogre
 13050 | D:11     | Reached skill level 10 in Long Blades
 13082 | D:10     | Killed an ogre mage
 13204 | D:11     | Noticed a two-headed ogre
 13211 | D:10     | Killed a two-headed ogre
 13345 | D:11     | Noticed a two-headed ogre
 13358 | D:10     | Slain by a two-headed ogre

Illustrated notes

Levels and vault maps discovered:
D:1:      denvon_arrival_planthouse, layout_rooms, dk_noncrumbling_3, hex_medium
D:2:      layout_loops_cross, basic_altar, serial_forest,
          infiniplex_forest_lined_4_way, infiniplex_forest_clump_tiny,
          infiniplex_forest_corner_1, infiniplex_forest_end_1,
          infiniplex_forest_lined_room_3, infiniplex_forest_clump_small,
          infiniplex_forest_clump_double, uniq_natasha, uniq_crazy_yiuf_cottage
D:3:      layout_basic, nicolae_overflow_crystal_walls, lemuel_round_altar,
          serial_shops, nicolae_lakefront_shop
D:4:      layout_basic, amcnicky_altar_gilded
D:5:      layout_loops_ring, minmay_temple_entry_trees, minivault_5,
          uniq_prince_ribbit1
D:6:      layout_loops_corners, serial_shops, nicolae_shop_stone,
          amcnicky_mini_pool_small, uniq_menkaure
D:7:      layout_basic, bloody_makhleb, overflow_temple_1_default, uniq_joseph
D:8:      minmay_inner_zag, layout_layer_cave, lemuel_round_altar,
          mainiacjoe_overflow_alcove_1, nicolae_qazlal_style_of_elements,
          enter_bailey_3, skrybe_limestone_x, uniq_maggie
D:9:      layout_irregular_city, erik_lair_dragon, gammafunk_ghost_grave,
          kennysheep_generic_room_14
D:10:     layout_small_grid, serial_shops, nicolae_stop_n_shop_2, special_room
          [special_room_orc], minmay_bent
D:11:     minmay_the_grid_triangle_9x9_rhombus_thin
          [minmay_the_grid_triangle_9x9_swiss_cheese,
          minmay_the_grid_triangle_9x9_prize_insulated,
          minmay_the_grid_triangle_9x9_shrine,
          minmay_the_grid_triangle_9x9_flanged_cone], layout_cross, orc_0_dummy,
          eino_small_chamber_without_monster, kennysheep_windowed_goal
Temple:   dpeg_chambers_temple

Skill      XL: |  1  2  3  4  5  6  7  8  9 10 11 12 |
---------------+-------------------------------------+-----
Invocations    | 1 2 3 4 5 6 7 8 |  8.3
Short Blades   | 1 2 3 5 6 7 |  7.6
Axes           | 1 2 3 5 6 7 |  7.6
Maces & Flails | 1 2 3 5 6 7 |  7.6
Polearms       | 1 2 3 5 6 7 |  7.6
Staves         | 1 2 3 5 6 7 |  7.6
Ranged Weapons | 1 2 3 5 6 7 |  7.6
Throwing       | 1 2 3 5 6 7 |  7.6
Dodging        | 1 2 3 5 6 7 |  7.6
Shields        | 1 2 3 5 6 7 |  7.6
Unarmed Combat | 1 2 3 5 6 7 |  7.6
Spellcasting   | 3 4 5 6 7 8 |  8.1
Conjurations   | 1 2 3 4 5 6 |  6.3
Hexes          | 1 2 3 4 5 6 |  6.3
Summonings     | 1 2 3 4 5 6 |  6.3
Necromancy     | 1 2 3 4 5 6 |  6.3
Translocations | 1 2 3 4 5 6 |  6.3
Transmutations | 1 2 3 4 5 6 |  6.3
Fire Magic     | 1 2 3 4 5 6 |  6.3
Ice Magic      | 1 2 3 4 5 6 |  6.3
Air Magic      | 1 2 3 4 5 6 |  6.3
Earth Magic    | 1 2 3 4 5 6 |  6.3
Poison Magic   | 1 2 3 4 5 6 |  6.3
Armour         | 3 4 5 6 7 8 |  8.0
Stealth        | 3 4 5 6 7 8 |  8.0
Fighting       | 5 6 7 8 |  8.9
Evocations     | 5 6 7 8 |  8.9
Long Blades    | 7 8 9 10 | 10.1

Action                   |  1- 3 |  4- 6 |  7- 9 | 10-12 || total
-------------------------+-------+-------+-------+-------++-------
Melee: Long sword        |   108 |       |       |       ||   108
       Bite              |    10 |     8 |    27 |    49 ||    94
       Falchion          |    12 |    85 |   234 |   329 ||   660
       Punch             |     1 |       |    11 |    34 ||    46
Throw: Boomerang         |       |    11 |    19 |   133 ||   163
       Dart              |       |       |       |     1 ||     1
Invok: Heroism           |       |       |     4 |    29 ||    33
Evoke: Wand              |       |       |       |     3 ||     3
  Use: Potion            |     1 |       |     4 |     2 ||     7
       Scroll            |       |       |     8 |     1 ||     9
 Stab: Distracted        |     1 |       |       |     1 ||     2
       Sleeping          |     1 |     6 |       |       ||     7
Armor: Leather armour    |    26 |     9 |       |       ||    35
       Chain mail        |       |     4 |       |       ||     4
       Scale mail        |       |       |    85 |    95 ||   180
Dodge: Dodged            |    85 |    42 |   146 |   197 ||   470

Table legend: (Time is in decaauts)
 A = Elapsed time spent in this place.
 B = Non-inter-level travel time spent in this place.
 C = Inter-level travel time spent in this place.
 D = Time resting spent in this place.
 E = Time spent auto-exploring this place.
 F = Levels seen in this place.
 G = Mean time per level.
                   A        B        C        D        E       F      G
               +--------+--------+--------+--------+--------+-----+--------+
         Total |  13235 |  12777 |    458 |    501 |  10039 |  13 | 1018.1 |
       Dungeon |  12472 |  12022 |    450 |    379 |   9626 |  11 | 1133.8 |
        Temple |     16 |      8 |      8 |      0 |      0 |   1 |   16.0 |
        Bailey |    746 |    746 |      0 |    122 |    413 |   1 |  746.0 |
               +--------+--------+--------+--------+--------+-----+--------+

Top non-repeatable levels by time:
     D:9: 2187 daAuts
    D:10: 1593 daAuts
     D:2: 1184 daAuts
     D:4: 1173 daAuts
     D:8: 1161 daAuts
     D:5: 1114 daAuts
     D:6: 1088 daAuts
     D:7: 1003 daAuts
     D:1: 814 daAuts
  Bailey: 746 daAuts
     D:3: 646 daAuts
    D:11: 503 daAuts
  Temple: 16 daAuts
